 Dungeon Crawl Stone Soup version 0.29-a0-384-g6960b1960d (webtiles) character file.

Game seed: 5537409975373116483

211 Trevise the Covert (level 5, -2/24 (47) HPs)
             Began as a Gnoll Delver on May 6, 2022.
             Slain by a wight
             ... wielding a +3 long sword
              (3 damage)
             ... on level 2 of the Dungeon on May 7, 2022.
             The game lasted 00:09:08 (2772 turns).

Trevise the Covert (Gnoll Delver)                   Turns: 2772, Time: 00:09:09

HP:   -2/24 (47)    AC:  8    Str: 14    XL:     5   Next: 88%
MP:   7/7           EV: 10    Int:  9    God:
Gold: 99            SH:  0    Dex: 13    Spells: 7/7 levels left

rFire   . . .      SeeInvis .   j - +2 dagger (venom)
rCold   + . .      Faith    .   (no shield)
rNeg    . . .      Spirit   .   e - +2 scale mail {rC+}
rPois   .          Reflect  .   (no helmet)
rElec   .          Harm     .   k - scarf {repulsion}
rCorr   .          Rampage  .   (no gloves)
Will    .....                   (no boots)
Stlth   +++.......              p - amulet of regeneration
HPRegen 0.88/turn               (no ring)
MPRegen 0.10/turn               (no ring)

@: about to teleport, very heavily drained, repel missiles
A: fangs 1, strong nose, distributed training
a: no special abilities


You were on level 2 of the Dungeon.
You visited 1 branch of the dungeon, and saw 5 of its levels.

You collected 99 gold pieces.

Inventory:

Hand Weapons
 a - a +0 hand axe
 j - a +2 dagger of venom (weapon)
   (You found it on level 3 of the Dungeon)
Armour
 b - a +0 leather armour
 e - a +2 scale mail of cold resistance (worn)
   (You found it on level 5 of the Dungeon)
 k - a scarf of repulsion (worn)
   (You found it on level 2 of the Dungeon)
 t - a +0 pair of boots
   (You found it on level 3 of the Dungeon)
Jewellery
 c - a ring of ice {rC+, rF-}
   (You found it on level 2 of the Dungeon)
 p - an amulet of regeneration (around neck)
   (You found it on level 2 of the Dungeon)
Wands
 d - a wand of digging (3)
Scrolls
 g - 3 scrolls of identify {@r1}
 m - 3 scrolls of noise {unknown}
 n - a scroll of enchant armour {unknown}
 o - a scroll of fog
 E - a scroll of fear
 X - a scroll of magic mapping {@r4!r}
 Y - a scroll of teleportation {@r3}
Potions
 f - a potion of heal wounds {unknown}
 h - 4 potions of attraction {unknown}
 i - 2 potions of lignification {unknown}
 q - 2 potions of degeneration {!q}
 r - a potion of mutation {unknown}
 s - a potion of brilliance {unknown}
 H - 2 potions of haste


   Skills:
 + Level 6.7 Fighting
 + Level 1.6 Short Blades
 + Level 1.6 Long Blades
 + Level 4.8 Axes
 + Level 1.6 Maces & Flails
 + Level 1.6 Polearms
 + Level 1.6 Staves
 + Level 1.6 Slings
 + Level 1.6 Bows
 + Level 1.6 Crossbows
 + Level 1.6 Throwing
 + Level 1.6 Armour
 + Level 4.8 Dodging
 + Level 9.7 Stealth
 + Level 1.6 Shields
 + Level 1.6 Unarmed Combat
 + Level 1.6 Spellcasting
 + Level 1.3 Conjurations
 + Level 1.3 Hexes
 + Level 1.3 Summonings
 + Level 1.3 Necromancy
 + Level 1.3 Translocations
 + Level 1.3 Transmutations
 + Level 1.3 Fire Magic
 + Level 1.3 Ice Magic
 + Level 1.3 Air Magic
 + Level 1.3 Earth Magic
 + Level 1.3 Poison Magic
 + Level 1.9 Invocations
 + Level 1.6 Evocations


You had 7 spell levels left.
You didn't know any spells.
Your spell library contained the following spells:

 Spells                   Type           Power      Damage    Failure   Level
 Slow                     Hex            12%        N/A       63%         1
 Confusing Touch          Hex            3%         N/A       94%         3
 Vampiric Draining        Necr           3%         2d6       94%         3


Dungeon Overview and Level Annotations

Branches:
Dungeon (5/15)
 Temple: D:4-7

Altars:


Innate Abilities, Weirdness & Mutations

You have very sharp teeth.
Your uncanny sense of smell can sniff out nearby items.
Your experience applies equally to all skills.


Message History

You hit the wight. The wight hits you with a +0 spear.
You feel drained.
You take 1 damage, and have 28/39 hp.
You hit the wight. The wight hits you with a +0 spear.
You feel drained.
You take 6 damage, and have 22/38 hp.
You hit the wight. The wight hits you with a +0 spear.
You feel drained.
You hit the wight but do no damage. The wight hits you with a +0 spear.
You feel drained.
You hit the wight but do no damage. The wight hits you but does no damage.
You barely miss the wight. The wight completely misses you.
You hit the wight. The wight hits you with a +0 spear.
You feel drained.
You take 4 damage, and have 20/32 hp.
You hit the wight. The wight barely misses you.
You closely miss the wight. The wight hits you with a +0 spear.
You feel drained.
You take 3 damage, and have 17/31 hp.
You barely miss the wight.
You are too injured to fight recklessly!
You are too injured to fight recklessly!
You are too injured to fight recklessly!
You are too injured to fight recklessly!
You are too injured to fight recklessly!
You are too injured to fight recklessly!
You closely miss the wight. The wight hits you with a +0 spear.
You feel drained.
You take 2 damage, and have 16/30 hp.
You barely miss the wight. The wight hits you but does no damage.
You hit the wight. The wight hits you with a +0 spear.
You barely miss the wight. The wight hits you with a +0 spear.
You feel drained.
You take 6 damage, and have 11/29 hp.
MASSIVE DAMAGE!!
The wight attacks as you move away! The wight hits you with a +0 spear.
The wight hits you from afar with a +0 spear.
* * * LOW HITPOINT WARNING * * *
You feel drained.
You take 5 damage, and have 6/27 hp.
There is a stone staircase leading up here.
There are no items here.
The wight hits you from afar with a +0 spear.
You feel drained.
You climb upwards.
There is a stone staircase leading down here.
Done exploring.
Health restored: 25 Natasha, Servant of Life and Death comes into view.
Natasha moves out of view.
No target in view!
No target in view!
No target in view!
Natasha stares at you and mumbles some strange words.
The magic dart hits you!
You take 10 damage, and have 15/25 hp.
MASSIVE DAMAGE!!
You are too injured to fight recklessly!
You are too injured to fight recklessly!
Natasha completely misses you.
You closely miss Natasha. You bite Natasha, but do no damage.
Natasha claws you but does no damage.
You hit Natasha.
Natasha is poisoned.
Natasha casts a spell at you.
The magic dart hits you but does no damage.
You barely miss Natasha. You hit Natasha.
Natasha looks even sicker.
You bite Natasha. Natasha claws you but does no damage.
You hit Natasha. Natasha barely misses you.
You hit Natasha.
You kill Natasha!
Natasha yowls pathetically as she dies!
Done exploring.
Health restored: 28 Done exploring.
Done exploring.
Done exploring.
(D) Dungeon
Where to? (Enter - D:2 @ (x,y), ? - help)
There is a stone staircase leading down here.
You climb downwards.
The wight hits you but does no damage.
The wight hits you with a +3 long sword!
You feel drained.
The wight hits you from afar with a +0 spear!
The wight hits you with a +3 long sword!
* * * LOW HITPOINT WARNING * * *
There is a stone staircase leading up here.
You take 23 damage, and have 5/26 hp.
MASSIVE DAMAGE!!
Unknown command.
The wight closely misses you. The wight barely misses you.
You climb upwards.
There is a stone staircase leading down here.
You regained 3 hp, and now have 8/26 hp.
As you read the scroll of teleportation {@r3}, it crumbles to dust.
You feel strangely unstable.
The wight hits you with a +3 long sword!
* * * LOW HITPOINT WARNING * * *
You feel drained.
You die...

######.### #.#
#........# ###.#
#.####.#.# #...#
#.#......# #.###
#.##.#...# #<#
#.##.#...# ###
#.##.....#
####.#############
...............z@#
#####.##^...######
#...........#
#.###.#.....# #.#
#.#.....# #.#
#.##....### #.#
#..'....'.# #.#
#.##....#.# #.#
#.###...#'######


You could see a wight.

Vanquished Creatures
  Jessica (D:2)
  Terence (D:2)
  Natasha (twice) (D:2)
  5 adders
  5 dart slugs
  An orc (D:5)
  6 bats
  4 endoplasms
  3 giant cockroaches
  2 goblins (D:1)
  5 hobgoblins
  4 quokkas
  6 ball pythons
  5 frilled lizards
  5 kobolds
  2 rats
57 creatures vanquished.

Notes
Turn   | Place    | Note
-------+----------+-------------------------------------------
     0 | D:5      | Reached skill level 9 in Stealth
     0 | D:5      | Trevise the Gnoll Delver began the quest for the Orb.
     0 | D:5      | Reached XP level 1. HP: 23/23 MP: 1/1
    53 | D:5      | Reached XP level 2. HP: 21/29 MP: 2/2
   200 | D:5      | Noticed an ice beast
   230 | D:5      | Noticed a scorpion
   248 | D:4      | Noticed a howler monkey
   315 | D:4      | Reached XP level 3. HP: 29/35 MP: 3/3
   376 | D:4      | Noticed a centaur
   695 | D:3      | Reached skill level 1 in Invocations
   769 | D:2      | Noticed Terence
   901 | D:1      | Reached skill level 1 in Short Blades
   901 | D:1      | Reached skill level 1 in Long Blades
   901 | D:1      | Reached skill level 1 in Maces & Flails
   901 | D:1      | Reached skill level 1 in Polearms
   901 | D:1      | Reached skill level 1 in Staves
   901 | D:1      | Reached skill level 1 in Slings
   901 | D:1      | Reached skill level 1 in Bows
   901 | D:1      | Reached skill level 1 in Crossbows
   901 | D:1      | Reached skill level 1 in Throwing
   901 | D:1      | Reached skill level 1 in Armour
   901 | D:1      | Reached skill level 1 in Shields
   901 | D:1      | Reached skill level 1 in Unarmed Combat
   901 | D:1      | Reached skill level 1 in Spellcasting
   901 | D:1      | Reached skill level 1 in Evocations
   976 | D:1      | Reached XP level 4. HP: 41/41 MP: 5/5
  1016 | D:1      | Found a faded altar of an unknown god.
  1691 | D:2      | Noticed Jessica
  1699 | D:2      | Killed Jessica
  1700 | D:2      | Reached skill level 1 in Conjurations
  1700 | D:2      | Reached skill level 1 in Hexes
  1700 | D:2      | Reached skill level 1 in Summonings
  1700 | D:2      | Reached skill level 1 in Necromancy
  1700 | D:2      | Reached skill level 1 in Translocations
  1700 | D:2      | Reached skill level 1 in Transmutations
  1700 | D:2      | Reached skill level 1 in Fire Magic
  1700 | D:2      | Reached skill level 1 in Ice Magic
  1700 | D:2      | Reached skill level 1 in Air Magic
  1700 | D:2      | Reached skill level 1 in Earth Magic
  1700 | D:2      | Reached skill level 1 in Poison Magic
  1768 | D:2      | Reached XP level 5. HP: 47/47 MP: 6/6
  1798 | D:2      | Killed Terence
  1915 | D:2      | Noticed Natasha
  1927 | D:2      | Killed Natasha
  2704 | D:3      | HP: 6/29 [wight/+0 spear (5)]
  2736 | D:2      | Noticed Natasha
  2747 | D:2      | Killed Natasha
  2769 | D:3      | HP: 5/26 [wight/+3 long sword (7)]
  2772 | D:2      | HP: 1/26 [wight/+3 long sword (7)]
  2772 | D:2      | Slain by a wight

Illustrated notes

Levels and vault maps discovered:
D:1:      minmay_arrival_plants_in_alcoves, layout_loops_ring,
          shapermc_ecumenical_altar_pompeii
D:2:      layout_basic, uniq_jessica, uniq_terence, uniq_natasha
D:3:      layout_basic, cheibrodos_sewer_entry_drain
D:4:      kennysheep_slugbush, layout_cave_pools, minmay_temple_entry_trees,
          serial_shops, shop_statue, st_stairs_12
D:5:      layout_cave_pods, xom_confusion_cloud

Skill      XL: |  1  2  3  4 |
---------------+-------------+-----
Stealth        | |  9.7
Invocations    | 1 |  1.9
Short Blades   | 1 |  1.6
Long Blades    | 1 |  1.6
Maces & Flails | 1 |  1.6
Polearms       | 1 |  1.6
Staves         | 1 |  1.6
Slings         | 1 |  1.6
Bows           | 1 |  1.6
Crossbows      | 1 |  1.6
Throwing       | 1 |  1.6
Armour         | 1 |  1.6
Shields        | 1 |  1.6
Unarmed Combat | 1 |  1.6
Spellcasting   | 1 |  1.6
Evocations     | 1 |  1.6
Conjurations   | 1 |  1.3
Hexes          | 1 |  1.3
Summonings     | 1 |  1.3
Necromancy     | 1 |  1.3
Translocations | 1 |  1.3
Transmutations | 1 |  1.3
Fire Magic     | 1 |  1.3
Ice Magic      | 1 |  1.3
Air Magic      | 1 |  1.3
Earth Magic    | 1 |  1.3
Poison Magic   | 1 |  1.3
Fighting       | |  6.7
Axes           | |  4.8
Dodging        | |  4.8

Action                   |  1- 3 |  4- 6 || total
-------------------------+-------+-------++-------
Melee: Hand axe          |    33 |       ||    33
       Bite              |     5 |    10 ||    15
       Punch             |     1 |     1 ||     2
       Dagger            |    29 |   112 ||   141
Throw: Stone             |     1 |       ||     1
  Use: Scroll            |       |     3 ||     3
 Stab: Sleeping          |     4 |    11 ||    15
Armor: Scale mail        |    28 |    49 ||    77
Dodge: Dodged            |    23 |    47 ||    70

Table legend: (Time is in decaauts)
 A = Elapsed time spent in this place.
 B = Non-inter-level travel time spent in this place.
 C = Inter-level travel time spent in this place.
 D = Time resting spent in this place.
 E = Time spent auto-exploring this place.
 F = Levels seen in this place.
 G = Mean time per level.
                   A        B        C        D        E       F      G
               +--------+--------+--------+--------+--------+-----+--------+
         Total |   2777 |   2662 |    115 |    452 |   1399 |   5 |  555.4 |
       Dungeon |   2777 |   2662 |    115 |    452 |   1399 |   5 |  555.4 |
               +--------+--------+--------+--------+--------+-----+--------+

Top non-repeatable levels by time:
     D:3: 978 daAuts
     D:2: 792 daAuts
     D:1: 617 daAuts
     D:5: 248 daAuts
     D:4: 138 daAuts

Table legend:
 A = Kills in this place as a percentage of kills in entire the game.
 B = Kills by you in this place as a percentage of kills by you in the entire game.
 C = Kills by friends in this place as a percentage of kills by friends in the entire game.
 D = Other kills in this place as a percentage of other kills in the entire game.
 E = Experience gained in this place as a percentage of experience gained in the entire game.
 F = Experience gained in this place divided by the number of levels of this place that you have seen.
                   A       B       C       D       E      F
               +-------+-------+-------+-------+-------+----------------------
         Total | 100.0 | 100.0 |   N/A |   N/A | 100.0 |  60.4
       Dungeon | 100.0 | 100.0 |   N/A |   N/A | 100.0 |  60.4
               +-------+-------+-------+-------+-------+----------------------
